 Dungeon Crawl Stone Soup version 0.29.1-2-gbd0b4ee654 (webtiles) character file.

Game seed: 2036907021713706740

977 Hadkhar the Shield-Bearer (level 8, -1/65 HPs)
             Began as a Formicid Fighter on Nov 8, 2022.
             Slain by a yak (10 damage)
             ... on level 5 of the Dungeon.
             The game lasted 00:25:22 (4333 turns).

Hadkhar the Shield-Bearer (Formicid Fighter)        Turns: 4333, Time: 00:25:22

Health: -1/65      AC: 11    Str: 22    XL:     8   Next: 40%
Magic:  8/8        EV: 10    Int: 22    God:
Gold:   173        SH:  5    Dex: 13    Spells: 7/7 levels left

rFire   . . .      SeeInvis +   q - +3 quarterstaff (chaos)
rCold   . . .      Faith    .   c - +0 buckler
rNeg    . . .      Spirit   .   n - +4 ring mail "Dainaluz" {rElec rC- Int+7 Stlth+}
rPois   .          Reflect  .   (helmet unavailable)
rElec   +          Harm     .   r - +0 cloak
rCorr   .          Rampage  .   (no gloves)
Will    .....                   (no boots)
Stlth   ++........              (no amulet)
HPRegen 0.20/turn               h - ring of protection from cold
MPRegen 0.11/turn               y - +6 ring of intelligence

@: mighty
A: permanent stasis, dig shafts and tunnels, antennae 3, four strong arms
a: Dig, Shaft Self


You were on level 5 of the Dungeon.
You visited 1 branch of the dungeon, and saw 5 of its levels.

You collected 173 gold pieces.

Inventory:

Hand Weapons
 a - a +0 war axe
 q - a +3 quarterstaff of chaos (weapon)
 s - a +2 trident of protection
 w - a +1 hand axe of flaming
Missiles
 k - 17 poisoned darts (quivered)
Armour
 c - a +0 buckler (worn)
 n - the +4 ring mail "Dainaluz" (worn) {rElec rC- Int+7 Stlth+}
   (You found it on level 3 of the Dungeon)

   Int:       It affects your intelligence (+7).
   rC:        It makes you vulnerable to cold.
   rElec:     It insulates you from electricity.
   Stlth:     It makes you more stealthy.
 r - a +0 cloak (worn)
 t - a +0 plate armour
Jewellery
 h - a ring of protection from cold (left hand)
 y - a +6 ring of intelligence (right hand)
Scrolls
 b - 2 scrolls of silence {unknown}
 e - 4 scrolls of identify {unknown}
 g - 3 scrolls of magic mapping {unknown}
 j - a scroll of blinking {unknown}
 l - 5 scrolls of teleportation {unknown}
 x - a scroll of amnesia {unknown}
Potions
 d - a potion of might
 f - 3 potions of heal wounds {unknown}
 i - a potion of ambrosia {unknown}
 m - 2 potions of curing {unknown}
 o - a potion of magic {unknown}
 p - 2 potions of degeneration {unknown}
 u - a potion of brilliance {unknown}
 v - a potion of attraction {unknown}


   Skills:
 * Level 6.5 Fighting
 + Level 4.8 Axes
 + Level 5.8 Armour
 + Level 6.9 Shields


You had 7 spell levels left.
You didn't know any spells.
Your spell library contained the following spells:

 Spells                   Type           Power      Damage    Failure   Level
 Sting                    Tmut/Pois      0%         1d3       30%         1
 Poisonous Vapours        Pois/Air       0%         N/A       43%         2
 Olgreb's Toxic Radiance  Pois           0%         N/A       97%         4
 Storm Form               Tmut/Air       0%         N/A       100%        7
 Infestation              Necr           0%         N/A       100%        8


Dungeon Overview and Level Annotations

Branches:
Dungeon (5/15)
 Temple: D:4-7

Altars:
Elyvilon
Zin


Innate Abilities, Weirdness & Mutations

You cannot be hasted, slowed, berserked, paralysed or teleported.
You can dig through walls and to a lower floor.
You have a pair of large antennae on your head. (SInv)
Your four strong arms can wield two-handed weapons with a shield.


Message History

The yak barely misses you. The yak gores you.
You sock the yak!
You kill the yak!
You sock the yak! You burn the yak.
The yak is moderately wounded.
The yak barely misses you.
You barely miss the yak.
The yak is moderately wounded.
The yak gores you. The yak gores you but does no damage.
You barely miss the yak.
The yak is moderately wounded.
The yak closely misses you.
You barely miss the yak.
The yak is moderately wounded.
The yak barely misses you.
You sock the yak!
The yak is severely wounded.
The yak gores you!
* * * LOW HITPOINT WARNING * * *
The yak gores you but does no damage.
You hit the yak. You drain the yak.
The yak is severely wounded.
The yak gores you but does no damage.
You thump the yak! You burn the yak.
The yak is almost dead.
You block the yak's attack.
You closely miss the yak.
The yak is almost dead.
The yak gores you!
* * * LOW HITPOINT WARNING * * *
You sock the yak! Lightning courses through the yak!
The yak is heavily wounded.
The yak gores you but does no damage.
You hit the yak. You burn the yak.
The yak is severely wounded.
You block the yak's attack.
You thump the yak! You freeze the yak.
You kill the yak!
The yak gores you!
You die...

...
#Y.{....#
#.# #.# #.#
#.# #####.#
#.# ....#.#
###.#
.....<#
#...#
###.###
#Y### #.#
#Y# #.# #@#
#.# #.#
###.########
#.#
...........#
#.#
###.######.#
#.#
##...#####.#
#.#
...#.....>.#
#.#
##...##.####
#.# ##.....#
#.#


You could see 2 yaks.

Vanquished Creatures
  4 yaks (D:5)
  An ogre (D:5)
  A phantom (D:4)
  A scorpion (D:5)
  2 hounds
  2 orc priests (D:4)
  Crazy Yiuf (D:2)
  Jessica (D:2)
  An orc wizard (D:4)
  4 adders
  A river rat (D:4)
  A dart slug (D:1)
  14 orcs
  5 ball pythons
  11 bats
  7 endoplasms
  3 giant cockroaches
  7 goblins
  7 hobgoblins
  10 jackals
  7 kobolds
  2 quokkas
  A frilled lizard (D:3)
  3 rats
97 creatures vanquished.

Vanquished Creatures (others)
  2 fungi (D:2)
2 creatures vanquished.

Grand Total: 99 creatures vanquished

Notes
Turn   | Place    | Note
-------+----------+-------------------------------------------
     0 | D:1      | Hadkhar the Formicid Fighter began the quest for the Orb.
     0 | D:1      | Reached XP level 1. HP: 18/18 MP: 1/1
   118 | D:1      | Reached XP level 2. HP: 19/24 MP: 2/2
   370 | D:1      | Reached XP level 3. HP: 25/29 MP: 3/3
  1240 | D:2      | Reached XP level 4. HP: 33/37 MP: 4/4
  1454 | D:2      | Found a faded altar of an unknown god.
  1607 | D:2      | Found a runed translucent door.
  1608 | D:2      | Noticed Crazy Yiuf
  1674 | D:2      | Noticed Jessica
  1681 | D:2      | Killed Jessica
  1963 | D:2      | Killed Crazy Yiuf
  1964 | D:2      | Reached skill level 5 in Shields
  1964 | D:2      | Reached XP level 5. HP: 42/42 MP: 5/5
  2035 | D:3      | Identified the +4 ring mail "Dainaluz" {rElec rC- Int+7
                  | Stlth+}
  2047 | D:3      | Got Cigotuvi's Guidebook on the Grave and Shapes
  2859 | D:4      | Reached XP level 6. HP: 47/49 MP: 6/6
  2931 | D:4      | Identified the +0 hat of Purpose {rElec rC- Will++}
  3814 | D:4      | Found a white marble altar of Elyvilon.
  3814 | D:4      | Found a glowing silver altar of Zin.
  3863 | D:4      | Reached skill level 5 in Fighting
  3863 | D:4      | Reached skill level 5 in Armour
  3863 | D:4      | Reached XP level 7. HP: 39/56 MP: 7/7
  4048 | D:5      | Entered Level 5 of the Dungeon
  4238 | D:5      | Noticed a yak
  4251 | D:5      | Killed a yak
  4302 | D:5      | Noticed a yak
  4302 | D:5      | Noticed a yak
  4302 | D:5      | Noticed a yak
  4315 | D:5      | Noticed a yak
  4318 | D:5      | Killed a yak
  4319 | D:5      | Reached XP level 8. HP: 39/64 MP: 8/8
  4319 | D:5      | Noticed a yak
  4322 | D:5      | Killed a yak
  4333 | D:5      | Killed a yak
  4333 | D:5      | Slain by a yak

Illustrated notes

Levels and vault maps discovered:
D:1:      eino_arrival_water_star, layout_loops_ring, st_stairs_9
D:2:      layout_basic, basic_ecumenical_altar, skrybe_limestone_x,
          uniq_jessica, uniq_crazy_yiuf_cottage
D:3:      layout_basic
D:4:      layout_loops_corners, nicolae_overflow_two_pavilions
D:5:      layout_loops_ring, serial_shops, nicolae_shop_overgrown_old_shop,
          nrook_mini_backslash

Skill      XL: |  1  2  3  4  5  6  7 |
---------------+----------------------+-----
Fighting       | 4 5 6 |  6.5
Armour         | 4 5 |  5.8
Axes           | 3 4 |  4.8
Shields        | 5 6 |  6.9

Action                   |  1- 3 |  4- 6 |  7- 9 || total
-------------------------+-------+-------+-------++-------
Melee: War axe           |    88 |    22 |       ||   110
       Quarterstaff      |       |   157 |    37 ||   194
  Use: Potion            |       |       |     1 ||     1
 Stab: Sleeping          |       |     2 |       ||     2
Armor: Scale mail        |    58 |    13 |       ||    71
       Ring mail         |       |   109 |     9 ||   118
Dodge: Dodged            |    54 |   108 |     9 ||   171
Block: Buckler           |    19 |    52 |    12 ||    83
